cohdb
Replays
Latest Replays
All Replays
Popular Replays
Top Player Replays
Match Explorer
How It Works
Community
CoH3 Stats
Reddit
Sign in to upload your games and track your stats! →
Sign in with Steam
Match 43552888
Unlisted
Match 43552888
Overview
Messages
Build Orders
End
Engineer Squad
Construct Barracks
Selects Armored Battlegroup
Selects Veteran Crews
1⁄4-ton 4x4 Truck
Riflemen Squad
Riflemen Squad
Construct Weapon Support Center
Selects Fast Deploy
M1919 Machine Gun Team
Bazooka Squad
Improved M9 Bazooka Rockets
Construct Medical Station
Infantry Support Center
M3 Armored Personnel Carrier
M1918 Browning Automatic Rifles
Riflemen Squad
Grenade Package
Engineer Squad
Selects M31 Recovery Vehicle
Selects War Machine
Construct Tank Depot
M18 Hellcat Tank Destroyer
Advanced Logistics
Onoyk
RunningWithFate
rundashroll
屑里夫
0
0
Comments
sign in to comment!
No comments posted yet!